 Dungeon Crawl Stone Soup version 0.28.0-1-gb440e238dd (webtiles) character file.

Game seed: 8142607863918694341

929 smarlow the Conjurer (level 7, 0/54 HPs)
             Began as a Deep Elf Conjurer on Feb 23, 2022.
             Was an Initiate of Vehumet.
             Shot with an arrow by a centaur (2 damage)
             ... on level 5 of the Dungeon.
             The game lasted 00:07:14 (3108 turns).

smarlow the Conjurer (Deep Elf Conjurer)            Turns: 3108, Time: 00:07:15

Health: 0/54       AC: 23    Str:  4    XL:     7   Next: 85%
Magic:  9/17       EV:  2    Int: 25    God:    Vehumet [......]
Gold:   168        SH:  4    Dex: 13    Spells: 10/17 levels left

rFire   . . .      SeeInvis .   c - staff of poison
rCold   . . .      Faith    .   b - +0 buckler
rNeg    . . .      Spirit   .   (armour currently unavailable)
rPois   +          Reflect  .   (helmet currently unavailable)
rElec   .          Harm     .   (cloak currently unavailable)
rCorr   .          Rampage  .   (gloves currently unavailable)
Will    .....      NoTele   +   (boots currently unavailable)
Stlth   ++........              i - amulet of magic regeneration
HPRegen 0.18/turn               (no ring)
MPRegen 0.55/turn               (no ring)

@: tree-form
A: stationary, stasis, torment immunity, boosted hp
a: Renounce Religion


You were on level 5 of the Dungeon.
You worshipped Vehumet.
Vehumet was noncommittal.
You were a tree.
You visited 2 branches of the dungeon, and saw 6 of its levels.

You collected 168 gold pieces.

Inventory:

Missiles
 j - a throwing net
Armour
 a - a +0 robe (melded)
 b - a +0 buckler (worn)
 q - a +0 pair of boots (melded)
Magical Staves
 c - a staff of poison (weapon)
Jewellery
 f - an amulet of guardian spirit
 i - an amulet of magic regeneration (around neck)
 n - an amulet of reflection
Wands
 g - a wand of flame (18)
 o - a wand of acid (1)
Scrolls
 h - a scroll of identify
 l - a scroll of fog
 m - a scroll of teleportation
 p - 2 scrolls of amnesia {unknown}
 s - a scroll of enchant weapon {unknown}
Potions
 d - a potion of curing {unknown}
 e - a potion of resistance {unknown}
 r - a potion of magic {unknown}


   Skills:
 + Level 0.8 Armour
 + Level 4.5 Dodging
 - Level 2.4 Stealth
 + Level 2.9 Shields
 + Level 5.7 Spellcasting
 * Level 7.4 Conjurations
 + Level 3.1 Translocations


You had 10 spell levels left.
You knew the following spells:

 Your Spells              Type           Power      Damage    Failure   Level
a - Magic Dart            Conj           100%       1d8       1%          1
b - Searing Ray           Conj           88%        2d7       1%          2
c - Iskenderun's Mystic   Conj/Tloc      33%        2d8       12%         4

Your spell library contained the following spells:

 Spells                   Type           Power      Damage    Failure   Level
 Dazzling Flash           Conj/Hex       50%        N/A       7%          3
 Fulminant Prism          Conj/Hex       12%        3d9       22%         4


Dungeon Overview and Level Annotations

Branches:
Dungeon (5/15)             Temple (1/1) D:5

Altars:
Cheibriados
Kikubaaqudgha
Nemelex Xobeh
Qazlal
Ru
Sif Muna
Vehumet
Wu Jian

Shops:
D:1 ?   D:4 [

Annotations:
D:4 Dowan, Duvessa


Message History

You erupt in a blast of force!
The mystic blast hits the adder!
You kill the adder!
Vehumet accepts your kill.
The mystic blast hits the ice beast!
The ice beast is severely wounded.
The ice beast is knocked back by the mystic blast.
You hear a shout!
You hear an angry hiss.
A centaur comes into view.
You hear an angry hiss.
Casting: Iskenderun's Mystic Blast (quite dangerous; 12% risk of failure)
Confirm with . or Enter, or press ? or * to list all spells.
The spell is quite dangerous to miscast (12% risk of failure)!
Continue anyway?
You erupt in a blast of force!
The mystic blast hits the ice beast!
You kill the ice beast!
Vehumet accepts your kill.
The mystic blast hits the centaur!
The centaur is moderately wounded.
The centaur is knocked back by the mystic blast.
Casting: Iskenderun's Mystic Blast (quite dangerous; 12% risk of failure)
Confirm with . or Enter, or press ? or * to list all spells.
Aiming: Searing Ray (safe; 1% risk of failure)
Press: ? - help, Shift-Dir - straight line, f - adder zombie
Aim: an adder zombie (heavily damaged, 82% to hit)
Okay, then.
Okay, then.
As you read the scroll labelled JIKORO CUINO, it crumbles to dust.
It is a scroll of identify.
l - a scroll of fog The centaur wields a +0 shortbow.
The centaur shoots an arrow.
The arrow hits you!
The centaur shoots an arrow.
The arrow hits you!
* * * LOW HITPOINT WARNING * * *
As you read the scroll labelled EQOMNELOCIFFU, it crumbles to dust.
You feel strangely unstable.
It was a scroll of teleportation.
The centaur shoots an arrow.
The arrow barely misses you.
The adder zombie bites you but does no damage.
It was a potion of lignification.
You turn into a tree.
Your +0 pair of boots melds into your body.
Your +0 robe melds into your body.
Your roots penetrate the ground.
You feel strangely stable.
The centaur shoots an arrow.
The arrow hits you.
You die...

########.# #......#
#.....##.# #..!...#
#####.###.##.###......#
...##.# #.#....#....Z.##*****
##..#.###.#....#........,,,,*
....................>...,,,,*
###...###.#..###†##....,,,,,*
+.....###.#..###Z#*,,,.,,,,,*
####...........#♣#*,,,,,,,,,*
..#..........#.#.#*,,,,,,,,,*
#.#.#.......##.#..,,,,,,,,,,*
..#.#....##.#*,##c.,,,*******
..#.#..####.#*,,,...,,*
<...........#*,,,....,*
....#...###.#*,,,...##*
....#.......,*,,,...#
....###..##.,*,,,,,,*


You could see a centaur and an adder zombie.

Vanquished Creatures
  Sigmund (D:3)
  An ice beast (D:5)
  A necrophage (D:4)
  An ogre (D:4)
  A phantom (D:5)
  A centaur zombie (D:3)
  An orc priest (D:4)
  A hound (D:5)
  A jelly (D:5)
  A gnoll shaman (D:4)
  2 iguanas (D:5)
  2 orc wizards
  A killer bee zombie (D:5)
  6 gnolls
  6 adders
  A howler monkey skeleton (D:5)
  A worm (D:3)
  7 orcs
  3 endoplasms
  2 giant cockroaches
  A goblin (D:1)
  3 hobgoblins
  6 kobolds
  2 quokkas
  A ball python (D:3)
  4 bats
  A frilled lizard (D:3)
  2 rats
61 creatures vanquished.

Notes
Turn   | Place    | Note
-------+----------+-------------------------------------------
     0 | D:1      | smarlow the Deep Elf Conjurer began the quest for the Orb.
     0 | D:1      | Reached XP level 1. HP: 10/10 MP: 6/6
   275 | D:1      | Found Qode's Magic Scroll Shoppe.
   280 | D:1      | Reached XP level 2. HP: 15/15 MP: 2/8
   413 | D:2      | Learned a level 2 spell: Searing Ray
   439 | D:2      | Reached skill level 5 in Conjurations
   439 | D:2      | Reached XP level 3. HP: 19/19 MP: 1/10
   472 | D:3      | Reached skill level 1 in Shields
   704 | D:3      | Reached XP level 4. HP: 15/24 MP: 0/11
   820 | D:3      | Learned a level 4 spell: Iskenderun's Mystic Blast
  1340 | D:3      | Noticed Sigmund
  1345 | D:3      | Killed Sigmund
  1346 | D:3      | Reached skill level 6 in Conjurations
  1346 | D:3      | Reached skill level 1 in Translocations
  1346 | D:3      | Reached XP level 5. HP: 28/28 MP: 6/13
  1737 | D:4      | Noticed an ogre
  1744 | D:4      | Killed an ogre
  1745 | D:4      | Reached XP level 6. HP: 32/32 MP: 6/15
  1961 | D:4      | Reached skill level 5 in Spellcasting
  2003 | D:4      | Noticed Duvessa
  2183 | D:4      | Found Nauqetee's Armour Shoppe.
  2345 | D:4      | Reached XP level 7. HP: 35/36 MP: 8/16
  2602 | D:4      | Noticed Dowan
  2660 | D:5      | Entered Level 5 of the Dungeon
  2677 | D:5      | Found a sparkling altar of Nemelex Xobeh.
  2705 | D:5      | Reached skill level 7 in Conjurations
  2733 | D:5      | Found a staircase to the Ecumenical Temple.
  2751 | Temple   | Entered the Ecumenical Temple
  2769 | Temple   | Became a worshipper of Vehumet
  3106 | D:5      | HP: 1/36 [centaur/arrow (11)]
  3108 | D:5      | Shot with an arrow by a centaur

Illustrated notes

Levels and vault maps discovered:
D:1:      lemuel_arrival_funnel, layout_basic, serial_shops, shop_fountains,
          dk_noncrumbling_2
D:2:      kennysheep_the_goblin_king, layout_basic,
          hellmonk_ecumenical_altar_watching_god, uniq_crazy_yiuf_cottage
D:3:      layout_loops_corners, minivault_11, uniq_sigmund
D:4:      layout_basic, ebering_ghost_rock_garden, serial_shops,
          kennysheep_mini, uniq_duvessa
D:5:      layout_basic, mainiacjoe_overflow_boulevard,
          nemelex_xobeh_ov_fountains_minmay, minmay_temple_entry_statues,
          minmay_circle_x
Temple:   compressed_dpeg_triangle_lava_temple

Skill      XL: |  1  2  3  4  5  6  7 |
---------------+----------------------+-----
Conjurations   | 5 6 7 |  7.4
Shields        | 1 2 |  2.9
Spellcasting   | 4 5 |  5.7
Dodging        | 3 4 |  4.5
Translocations | 1 2 3 |  3.1
Armour         | |  0.8
Stealth        | |  2.4

Action                   |  1- 3 |  4- 6 |  7- 9 || total
-------------------------+-------+-------+-------++-------
 Cast: Magic Dart        |    45 |    42 |     3 ||    90
       Searing Ray       |     1 |     7 |     9 ||    17
       Iskenderun's Myst |       |     2 |     8 ||    10
  Use: Scroll            |       |       |     3 ||     3
       Potion            |       |       |     1 ||     1
Armor: Robe              |     2 |       |     1 ||     3
Dodge: Dodged            |    10 |     5 |     9 ||    24
Block: Buckler           |     2 |     1 |     2 ||     5
